 Dungeon Crawl Stone Soup version 0.24.0-41-g2ae2f7f1be (webtiles) character file.

Game seed: 16428520496530344842, levelgen mode: deterministic

49 Delamore the Chopper (level 3, -4/31 HPs)
             Began as a Hill Orc Fighter on Dec 11, 2019.
             Slain by an iguana (6 damage)
             ... on level 4 of the Dungeon.
             The game lasted 00:01:27 (1168 turns).

Delamore the Chopper (Hill Orc Fighter)             Turns: 1168, Time: 00:01:27

Health: -4/31      AC:  6    Str: 19    XL:     3   Next: 75%
Magic:  0/3        EV: 12    Int:  8    God:
Gold:   70         SH:  9    Dex: 15    Spells: 2/2 levels left

rFire    . . .     SeeInvis .   a - +0 war axe
rCold    . . .     Gourm    .   c - +0 shield
rNeg     . . .     Faith    .   b - +0 scale mail
rPois    .         Spirit   +   (no helmet)
rElec    .         Reflect  .   g - scarf {Spirit}
rCorr    .         Harm     .   (no gloves)
MR       .....                  (no boots)
Stlth    +.........             (no amulet)
HPRegen  0.10/turn              (no ring)
MPRegen  0.08/turn              (no ring)

@: agile
A: no striking features
a: no special abilities


You were on level 4 of the Dungeon.
You were not hungry.

You visited 1 branch of the dungeon, and saw 3 of its levels.

You collected 70 gold pieces.

Inventory:

Hand Weapons
 a - a +0 war axe (weapon)
Armour
 b - a +0 scale mail (worn)
 c - a +0 shield (worn)
 g - a scarf of spirit shield (worn)
Scrolls
 e - a scroll of teleportation {unknown}
 i - a scroll of amnesia {unknown}
 k - 2 scrolls of remove curse {unknown}
Potions
 d - a potion of might
Comestibles
 f - 2 rations


   Skills:
 - Level 3.6 Fighting
 + Level 5.3 Axes
 - Level 3.2 Armour
 - Level 3.2 Shields


You had 2 spell levels left.
You didn't know any spells.
Your spell library was empty.

Dungeon Overview and Level Annotations

Branches:
Dungeon (2/15)

Altars:
Qazlal


Message History

You are too injured to fight recklessly!
You are too injured to fight recklessly!
You are too injured to fight recklessly!
You are too injured to fight recklessly!
You are too injured to fight recklessly!
You are too injured to fight recklessly!
You are too injured to fight recklessly!
You are too injured to fight recklessly!
You are too injured to fight recklessly!
You are too injured to fight recklessly!
You are too injured to fight recklessly!
You are too injured to fight recklessly!
You closely miss the iguana.
The iguana is heavily wounded.
The iguana bites you!
* * * LOW HITPOINT WARNING * * *
It was a potion of agility.
You feel agile all of a sudden. The iguana bites you.
You die...

.##........_.....#
..................# .
####....###...##### ..
#....#E#...#E#.# ...
#....###...###.# ....
#.......(.##...# .....
#.........##...#
......##'#####.......#
......l@†....#..##...#
..####.......#..##...#
#.......#.......#
#.......#.......#
#.......#########
#########


You could see an iguana.

Vanquished Creatures
  2 adders (D:4)
  A leopard gecko (D:1)
  2 giant cockroaches (D:1)
  3 goblins (D:1)
  A hobgoblin (D:1)
  2 jackals (D:1)
  5 bats (D:1)
  A frilled lizard (D:2)
  10 kobolds (D:1)
  A leopard gecko skeleton (D:4)
  4 rats (D:1)
32 creatures vanquished.

Notes
Turn   | Place    | Note
-------+----------+-------------------------------------------
     0 | D:1      | Delamore the Hill Orc Fighter began the quest for the Orb.
     0 | D:1      | Reached XP level 1. HP: 19/19 MP: 1/1
    36 | D:1      | Reached skill level 3 in Axes
   104 | D:1      | Reached XP level 2. HP: 26/26 MP: 2/2
   183 | D:1      | Reached skill level 4 in Axes
   493 | D:1      | Reached XP level 3. HP: 29/31 MP: 3/3
   941 | D:2      | You fall into a shaft and drop 2 floors!
   941 | D:4      | Found a stormy altar of Qazlal.
   942 | D:4      | Noticed a water elemental
   942 | D:4      | Noticed an earth elemental
   942 | D:4      | Noticed a fire elemental
   942 | D:4      | Noticed an air elemental
   969 | D:4      | Reached skill level 5 in Axes
  1168 | D:4      | Slain by an iguana

Levels and vault maps discovered:
D:1:      onia_arrival_pyramid, layout_basic, minmay_misc_feat_four_crosses,
          hex_large, lexackson_kobold_supper
D:2:      layout_basic, marbit_many_paths, wander_ebering_terrifying_dragon_lair
D:4:      layout_gridville, nicolae_qazlal_style_of_elements,
          grunt_temple_overflow_cloverleaf, temple_hall,
          biasface_ghost_orc_armoury, hangedman_decor_lopped, bloody_trog

Skill      XL: |  1  2  3 |
---------------+----------+-----
Axes           | 3 4 5 |  5.3
Fighting       | |  3.6
Armour         | |  3.2
Shields        | |  3.2

Action                   || total
-------------------------++-------
Melee: War axe           ||   103
  Use: Potion            ||     1
  Eat: Chunk             ||     1
Armor: Scale mail        ||    46
Dodge: Dodged            ||    24
Block: Shield            ||    63
